 Seeded DCSS version 0.29.0-11-gd7f09526c8 (webtiles) character file.

Game seed: 3121381558354691732 (custom seed)

97 purpskrrrp the Trooper (level 4, -4/42 HPs)
             Began as a Naga Fighter on Sept 7, 2022.
             Was an Initiate of Trog.
             Slain by an ogre
             ... wielding a +0 giant spiked club
              (21 damage)
             ... on level 3 of the Dungeon.
             The game lasted 00:04:26 (2316 turns).

purpskrrrp the Trooper (Naga Fighter)               Turns: 2316, Time: 00:04:27

Health: -4/42      AC: 10    Str: 26    XL:     4   Next: 68%
Magic:  4/4        EV:  5    Int:  9    God:    Trog [......]
Gold:   214        SH:  3    Dex:  5    Spells: 3/3 levels left

rFire   . . .      SeeInvis +   a - +2 war axe
rCold   . . .      Faith    .   c - +0 buckler
rNeg    . . .      Spirit   .   b - +0 scale mail
rPois   +          Reflect  .   t - +0 helmet
rElec   +          Harm     +   (no cloak)
rCorr   .          Rampage  .   (no gloves)
Will    .....                   h - +0 barding "Quanil" {Harm Drain rElec Dex-5}
Stlth   ..........              (no amulet)
HPRegen 0.14/turn               g - +6 ring of strength
MPRegen 0.09/turn               (no ring)

@: studying 2 skills, very slow
A: AC +1, large, see invisible, deformed body, poison resistance, slowness 2,
spit poison 1, naga tail 1
a: Spit Poison, Renounce Religion


You were on level 3 of the Dungeon.
You worshipped Trog.
Trog was noncommittal.
You visited 1 branch of the dungeon, and saw 3 of its levels.

You collected 214 gold pieces.

Inventory:

Hand Weapons
 a - a +2 war axe (weapon)
Missiles
 f - 4 throwing nets
Armour
 b - a +0 scale mail (worn)
 c - a +0 buckler (worn)
 h - the +0 barding "Quanil" (worn) {Harm Drain rElec Dex-5}
   (You acquired it on level 1 of the Dungeon)

   Dex:       It affects your dexterity (-5).
   rElec:     It insulates you from electricity.
   Drain:     It drains your maximum health when unequipped.
   Harm:      It increases damage dealt and taken.
 t - a +0 helmet (worn)
Jewellery
 g - a +6 ring of strength (left hand)
 p - an amulet of reflection
 r - a ring of positive energy
Scrolls
 e - 4 scrolls of identify {unknown}
 l - 3 scrolls of amnesia {unknown}
 w - 3 scrolls of noise {unknown}
Potions
 d - a potion of might
 k - a potion of magic {unknown}
 o - a potion of invisibility {unknown}
 q - a potion of heal wounds {unknown}
 u - a potion of flight {unknown}
 v - a potion of brilliance {unknown}
 x - a potion of curing {unknown}
 z - a potion of cancellation {unknown}
 A - a potion of attraction {unknown}
 B - a potion of ambrosia {unknown}


   Skills:
 + Level 3.4 Fighting
 * Level 3.2 Axes
 + Level 3.2 Armour
 + Level 3.1 Shields
 - Level 2.3 Poison Magic


You had 3 spell levels left.
You didn't know any spells.
Your spell library contained the following spells:

 Spells                   Type           Power      Damage    Failure   Level
 Sting                    Tmut/Pois      8%         1d3       56%         1


Dungeon Overview and Level Annotations

Branches:
Dungeon (3/15)

Altars:
Trog

Shops:
D:3 *


Innate Abilities, Weirdness & Mutations

Your serpentine skin is tough. (AC +1)
You have supernaturally acute eyesight. (SInv)
Armour fits poorly on your strangely shaped body.
Your system is resistant to poisons. (rPois)
You cover ground very slowly.
You can spit poison.
You have a snake-like lower body.


Message History

You block the jackal's attack.
The jackal bites you but does no damage.
You slash the jackal!
You kill the jackal!
Trog accepts your kill.
You slash the jackal!
You kill the jackal!
Trog accepts your kill.
You barely miss the ogre.
The ogre hits you with a +0 giant spiked club!
You slash the ogre!
The ogre is heavily wounded.
The ogre hits you with a +0 giant spiked club!
You are too injured to fight recklessly!
You are too injured to fight recklessly!
You are too injured to fight recklessly!
You are too injured to fight recklessly!
You are too injured to fight recklessly!
You are too injured to fight recklessly!
You are too injured to fight recklessly!
You are too injured to fight recklessly!
You are too injured to fight recklessly!
You are too injured to fight recklessly!
You are too injured to fight recklessly!
You are too injured to fight recklessly!
You are too injured to fight recklessly!
You are too injured to fight recklessly!
You are too injured to fight recklessly!
You are too injured to fight recklessly!
You are too injured to fight recklessly!
You are too injured to fight recklessly!
You are too injured to fight recklessly!
You are too injured to fight recklessly!
You are too injured to fight recklessly!
You are too injured to fight recklessly!
You barely miss the ogre.
The ogre is heavily wounded.
The ogre hits you with a +0 giant spiked club!!
Ouch! That really hurt!
You die...

*,,,,##...*#..######.#### #..
**,,,,......#.#### #.# #..
*,,,,,...........####.# ####.
*,,,,,.........#...##.####....
*,,,,,........................
****,,,,......#.####.##.###.####
*,,,,,,,##...##.# #..#.# #.#
*,*******######†# ##...###.# *,*
#.O@######...##.#### **,*
*#.#.....##.#.##..... ,,,*
#.,#........#........ ,***
#,*#......####.....## >*
*,*#......# ##.....# ,*
*,*#......###>....## ,*
*^*#........#.....## ,*
***,*#.....##.....#..## ****
**,,,*#.....###.........


You could see an ogre.

Vanquished Creatures
  3 adders (D:2)
  4 worms
  A dart slug (D:3)
  An orc (D:3)
  5 endoplasms
  A giant cockroach (D:3)
  7 goblins
  4 hobgoblins
  10 jackals
  3 ball pythons
  7 bats
  2 frilled lizards
  5 rats
53 creatures vanquished.

Notes
Turn   | Place    | Note
-------+----------+-------------------------------------------
     0 | D:1      | purpskrrrp the Naga Fighter began the quest for the Orb.
     0 | D:1      | Reached XP level 1. HP: 21/21 MP: 1/1
   158 | D:1      | Found a faded altar of an unknown god.
   162 | D:1      | Got Plato's Secrets of Vitiation
   168 | D:1      | Identified 3 scrolls of acquirement
   168 | D:1      | Acquired the +0 barding "Quanil" {Harm Drain rElec Dex-5}
   174 | D:1      | Acquired a manual of Armour
   177 | D:1      | Acquired a manual of Poison Magic
   306 | D:1      | Reached XP level 2. HP: 28/28 MP: 2/2
   390 | D:1      | Reached skill level 1 in Poison Magic
   847 | D:2      | Reached XP level 3. HP: 34/34 MP: 3/3
  1008 | D:2      | Found a bloodstained altar of Trog.
  1537 | D:2      | Reached XP level 4. HP: 40/42 MP: 4/4
  1731 | D:2      | Became a worshipper of Trog the Wrathful
  1940 | D:3      | Found Isonomam's Assorted Antiques.
  2309 | D:3      | Noticed an ogre
  2316 | D:3      | Slain by an ogre

Illustrated notes

Levels and vault maps discovered:
D:1:      minmay_arrival_glassed_features, layout_loops_ring,
          shapermc_ecumenical_altar_rom_forum, nicolae_kite_square_tiling_tiny
D:2:      layout_basic, basic_altar
D:3:      layout_rooms, serial_shops, nicolae_shop_hallway_stairs

Skill      XL: |  1  2  3 |
---------------+----------+-----
Poison Magic   | 1 2 |  2.3
Shields        | 3 |  3.1
Armour         | 3 |  3.2
Axes           | 3 |  3.2
Fighting       | |  3.4

Action                   |  1- 3 |  4- 6 || total
-------------------------+-------+-------++-------
Melee: War axe           |    88 |    70 ||   158
 Abil: Spit Poison       |     4 |     1 ||     5
  Use: Scroll            |     3 |     6 ||     9
Armor: Scale mail        |    74 |    75 ||   149
Dodge: Dodged            |    27 |    29 ||    56
Block: Buckler           |    13 |    15 ||    28
